[Event "Early-Titled-Tuesday-Blitz-October-10-2023"]
[Site "Chess.com"]
[Date "2023.10.10"]
[Round "2"]
[White "szachmistrz2500"]
[Black "campochess"]
[Result "1-0"]
[WhiteElo "2449"]
[BlackElo "2128"]
[TimeControl "180+1"]
[EndTime "8:16:31 PDT"]
[Termination "szachmistrz2500 won by resignation"]

1. Nf3 c5 2. g3 d5 3. Bg2 e6 4.
O-O Nc6 5. d3 Nge7 6. Nbd2 Ng6 7.
e4 Be7 8. Qe2 O-O 9. h4 Nh8 10.
h5 h6 11. e5 f5 12. Re1 Nf7 13. Nf1 Nd4 14. Qd1 Nxf3+ 15. Qxf3 Qc7 16. Qe2 Rb8 17. Bf4 b5 18. Nh2 c4 19. d4 b4 20. Nf3 Nd8 21. Nh4 Rf7 22. Ng6 Bd7 23. Qe3 Be8 24. Nxe7+ Qxe7 25. Bf3 Rf8 26. Kg2 Nf7 27. Rh1 a5 28. Rag1 Rb6 29. Kf1 a4 30. g4 Ng5 31. gxf5 Nxf3 32.
f6 Nxg1 33. fxe7 Rf7 34. Rxg1 Kh7 35. Bg3 Rb7 36. Bh4 Rf5 37. Qg3 g5 38. hxg6+ Kg8 39.
Bf6 1-0

[Event "Early-Titled-Tuesday-Blitz-October-10-2023"]
[Site "Chess.com"]
[Date "2023.10.10"]
[Round "2"]
[White "DerKnipser"]
[Black "DarZay"]
[Result "0-1"]
[WhiteElo "2459"]
[BlackElo "2226"]
[TimeControl "180+1"]
[EndTime "8:16:33 PDT"]
[Termination "DarZay won by resignation"]

1. e4 c5 2. d4 cxd4 3. c3 dxc3 4.
Nxc3 Nc6 5. Nf3 d6 6. Bc4 Nf6 7. e5 dxe5 8. Qxd8+ Kxd8 9. Ng5 Kc7 10. Nxf7 Rg8 11.
Nd5+ Kb8 12. O-O Be6 13. Nxf6 Bxc4 14. Nd7+ Kc7 15. Nfxe5 Nxe5 16. Nxe5 Bxf1 17. Kxf1 e6 18. Bf4 Kb6 19. Rc1 Rd8 20. Be3+ Ka6 21. Rc7 Bd6 22.
Rc3 Bxe5 23. Ra3+ Kb5 24. Rb3+ Kc6 0-1

[Event "Early-Titled-Tuesday-Blitz-October-10-2023"]
[Site "Chess.com"]
[Date "2023.10.10"]
[Round "2"]
[White "Alenzer"]
[Black "unclear15"]
[Result "0-1"]
[WhiteElo "2100"]
[BlackElo "2439"]
[TimeControl "180+1"]
[EndTime "8:16:35 PDT"]
[Termination "unclear15 won by resignation"]

1. e4 b6 2. d4 Bb7 3. Nc3 e6 4.
Nf3 Nf6 5. Bd3 d5 6. e5 Ne4 7. O-O Be7 8. Re1 Nxc3 9. bxc3 Nd7 10. c4 dxc4 11. Bxc4 O-O 12. Bd3 c5 13. c3 cxd4 14. cxd4 Rc8 15. a4 Bb4 16. Bd2 Bxf3 17. gxf3 Bxd2 18. Qxd2 Nb8 19. Qf4 Nc6 20. Rad1 Nb4 21. Bb1 Nd5 22. Qe4 g6 23. Qd3 Rc3 24. Qe4 Qd7 25. Kh1 Qxa4 26. Rg1 Rfc8 27. Qh4 Rxf3 28. Be4 Rf4 29. Rg4 Qxd1+ 0-1

[Event "Early-Titled-Tuesday-Blitz-October-10-2023"]
[Site "Chess.com"]
[Date "2023.10.10"]
[Round "2"]
[White "whiteglovethief"]
[Black "SALVA-DALI"]
[Result "1-0"]
[WhiteElo "2558"]
[BlackElo "2727"]
[TimeControl "180+1"]
[EndTime "8:16:37 PDT"]
[Termination "whiteglovethief won by resignation"]

1. d4 Nf6 2. c4 g6 3. Nc3 d5 4. g3 Bg7 5. Bg2 dxc4 6. Qa4+ Nc6 7. Bxc6+ bxc6 8. Qxc6+ Bd7 9. Qxc4 O-O 10. Nf3 Be6 11. Qa4 h6 12. O-O Nd5 13. Rd1 Nb6 14. Qc2 Bf5 15.
e4 Bg4 16. Rd3 Bxf3 17. Rxf3 Qxd4 18. Be3 Qd7 19. Rd1 Qe6 20. Bxb6 cxb6 21. Nd5 Rac8 22. Qe2 Kh7 23. Rfd3 Qe5 24. f4 Qd6 25. e5 Qc5+ 26. Kg2 e6 27. Nc3 Rc7 28. Qf3 Rfc8 29. Rd7 Qb4 30.
Qe2 Kg8 31. Kh3 h5 32. Ne4 Qa4 33. Rd8+ Bf8 34. Nf6+ Kh8 35. Nxh5 gxh5 36. Qxh5+ Kg7 37. Qg5+ Kh7 38. Qh5+ Bh6 39. Rxc8 Rxc8 40. Qxf7+ Bg7 41.
Rd7 1-0

[Event "Early-Titled-Tuesday-Blitz-October-10-2023"]
[Site "Chess.com"]
[Date "2023.10.10"]
[Round "2"]
[White "karinachess1"]
[Black "MagnusCarlsen"]
[Result "0-1"]
[WhiteElo "2638"]
[BlackElo "3278"]
[TimeControl "180+1"]
[EndTime "8:16:39 PDT"]
[Termination "MagnusCarlsen won by resignation"]

1. d4 f5 2. Bf4 Nf6 3. Nc3 d6 4. e3 Nc6 5. d5 e5 6. Bg5 Ne7 7. Bxf6 gxf6 8. Qh5+ Ng6 9. Nf3 Qe7 10. Nh4 Qf7 11.
Nxf5 a6 12. Bd3 Ne7 13. Qxf7+ Kxf7 14. Nxe7 Bxe7 15. e4 h5 16. h4 Bd7 17. a4 Bf8 18.
Ke2 Bh6 19. Nd1 Bg4+ 20. f3 Bd7 21. Ne3 Rag8 22. Rag1 Rg3 23. Nf1 Rg7 24. Kf2 Bxa4 25. b3 Bd7 26. Ng3 Bd2 27. Nf5 Bxf5 28. exf5 Ba5 29.
Rh2 Bb6+ 30. Kf1 Bxg1 31. Kxg1 a5 32. Kf2 Ra8 33. Rh1 a4 34. Ra1 a3 35. Ra2 c6 36.
Bc4 Ke8 37. dxc6 bxc6 38. Bf1 d5 39. Ke3 Ke7 40. b4 Kd6 41. Kd3 c5 42. bxc5+ Kxc5 43. Kc3 Rb7 44. g4 d4+ 45. Kd2 Rb2 46. Ra1 a2 47. g5 Rb1 0-1

[Event "Early-Titled-Tuesday-Blitz-October-10-2023"]
[Site "Chess.com"]
[Date "2023.10.10"]
[Round "2"]
[White "JuniorJumper"]
[Black "sergoy"]
[Result "0-1"]
[WhiteElo "2630"]
[BlackElo "3020"]
[TimeControl "180+1"]
[EndTime "8:16:39 PDT"]
[Termination "sergoy won by resignation"]

1. d4 Nf6 2. c4 e6 3. Nc3 Bb4 4. Bd2 O-O 5. e3 c5 6. a3 Bxc3 7. Bxc3 Ne4 8. Rc1 b6 9. Nf3 Bb7 10. Bd3 d6 11. O-O Nd7 12. Bxe4 Bxe4 13. dxc5 Nxc5 14.
b4 Nd3 15. Ra1 Rc8 16. Nd2 Bg6 17. Qe2 d5 18. Rfd1 dxc4 19. Nf3 Bh5 20. h3 Qd5 21. g4 Bg6 22. Ne5 f6 23. Nxg6 hxg6 24. f3 e5 25. Rd2 e4 26. f4 Rcd8 27. Qg2 a5 28. bxa5 bxa5 29. Rb1 Rb8 30. Rdd1 Rb3 31. Rxb3 cxb3 32. Qd2 a4 33. Bd4 Rc8 34. g5 Rc2 35.
Qa5 Qxa5 0-1

[Event "Early-Titled-Tuesday-Blitz-October-10-2023"]
[Site "Chess.com"]
[Date "2023.10.10"]
[Round "2"]
[White "shimastream"]
[Black "Aswathchess"]
[Result "1-0"]
[WhiteElo "2979"]
[BlackElo "2613"]
[TimeControl "180+1"]
[EndTime "8:16:39 PDT"]
[Termination "shimastream won by resignation"]

1. c4 Nf6 2. Nc3 e6 3. d4 d5 4.
Bg5 Bb4 5. e3 h6 6. Bh4 g5 7.
Bg3 Ne4 8. Ne2 h5 9. h4 Nxg3 10. Nxg3 gxh4 11. Nxh5 Nd7 12. Rc1 c6 13. a3 Bd6 14.
cxd5 exd5 15. Ng7+ Kf8 16. Nf5 Bc7 17. Bd3 Qg5 18. Qf3 Nf6 19. Kd1 Rh5 20. g4 Nxg4 21. Rg1 Bxf5 22. Bxf5 Nxf2+ 23. Qxf2 Qxf5 24. Qe2 Re8 25. Kd2 Bf4 26. Nd1 Qe4 27. Qxh5 Qxd4+ 28.
Kc2 Qe4+ 29. Kb3 Bxe3 30. Nxe3 Qxe3+ 31. Ka2 1-0

[Event "Early-Titled-Tuesday-Blitz-October-10-2023"]
[Site "Chess.com"]
[Date "2023.10.10"]
[Round "2"]
[White "NowInChess"]
[Black "ExcitingTrap"]
[Result "0-1"]
[WhiteElo "2211"]
[BlackElo "2488"]
[TimeControl "180+1"]
[EndTime "8:16:39 PDT"]
[Termination "ExcitingTrap won on time"]

1. e4 e5 2. Nf3 Nc6 3. d4 exd4 4.
Bc4 Nf6 5. e5 d5 6. Bb5 Ne4 7.
Nxd4 Bd7 8. Bxc6 bxc6 9. O-O Bc5 10. Be3 Bb6 11. f3 Ng5 12. f4 Ne4 13. Nd2 c5 14.
Nxe4 cxd4 15. Bxd4 dxe4 16. c3 Bb5 17. Re1 Bd3 18.
e6 Bxd4+ 19. cxd4 Qxd4+ 20. Kh1 fxe6 21. Qh5+ g6 22. Qh6 Kf7 23. Rac1 c5 24. b4 c4 25. Qg5 Qf6 26. Qc5 Rhc8 27. Qd6 Rd8 28. Qc7+ Qe7 29. Qe5 Rd5 30. Qc3 Qh4 31. a4 Rh5 32. h3 Qg3 0-1

[Event "Early-Titled-Tuesday-Blitz-October-10-2023"]
[Site "Chess.com"]
[Date "2023.10.10"]
[Round "2"]
[White "Semen_Khanin"]
[Black "Herzog2012"]
[Result "1-0"]
[WhiteElo "2855"]
[BlackElo "2494"]
[TimeControl "180+1"]
[EndTime "8:16:40 PDT"]
[Termination "Semen_Khanin won on time"]

1. e4 c5 2. Nf3 Nc6 3. Bb5 g6 4. O-O Bg7 5. Re1 e5 6. a4 Nge7 7. d3 O-O 8. Nc3 d6 9. Bc4 h6 10. Nd5 Be6 11. c3 Kh7 12. h4 f5 13. h5 g5 14.
Bxg5 Bxd5 15. exd5 Na5 16. Bh4 Nxc4 17. dxc4 Qe8 18.
Nd2 Ng8 19. b4 b6 20. a5 Bf6 21. Bxf6 Nxf6 22. axb6 axb6 23. Rxa8 Qxa8 24. Qf3 Qc8 25. Nf1 e4 26. Qf4 Qd7 27. Ng3 Ng4 28.
Rxe4 Ne5 29. Re2 Qg7 30. Nxf5 Qf6 31. g4 Rg8 32. f3 Ra8 33. Kg2 Ra1 34. Qe4 Kg8 35. Nxd6 Qh4 36. Qxe5 Qh1+ 37. Kg3 Qg1+ 38. Rg2 1-0

[Event "Early-Titled-Tuesday-Blitz-October-10-2023"]
[Site "Chess.com"]
[Date "2023.10.10"]
[Round "2"]
[White "DeArron_Fox"]
[Black "Cecile-Haussernot"]
[Result "1-0"]
[WhiteElo "2518"]
[BlackElo "2302"]
[TimeControl "180+1"]
[EndTime "8:16:40 PDT"]
[Termination "DeArron_Fox won by resignation"]

1. d4 Nf6 2. c4 e6 3. Nf3 b6 4. g3 Bb7 5. Bg2 Bb4+ 6. Bd2 Qe7 7.
O-O O-O 8. Bf4 Ne4 9. Bxc7 Rc8 10. Bxb8 Raxb8 11. a3 Bd6 12. Nfd2 Nxd2 13. Nxd2 Bxg2 14.
Kxg2 e5 15. e3 exd4 16. exd4 Qf6 17. Qg4 h5 18. Qxd7 Qxd4 19. Nf3 Qf6 20. Rad1 Bf8 21.
Qxa7 Qxb2 22. Rd7 Qf6 23. Re1 b5 24. cxb5 Rxb5 25. Rd4 Rb2 26. Qd7 Rcb8 27. Rde4 Bc5 28. R4e2 R2b3 29. Re8+ Kh7 30. Rxb8 Qxf3+ 31. Kh3 Rxb8 32.
Qc6 Bxf2 33. Qxf3 Bxe1 34. Qxh5+ Kg8 35. Qe5 Rb1 36. Qe8+ Kh7 37. Qe4+ 1-0

[Event "Early-Titled-Tuesday-Blitz-October-10-2023"]
[Site "Chess.com"]
[Date "2023.10.10"]
[Round "2"]
[White "Andrei_Skvortsov"]
[Black "BJthechessgod"]
[Result "1-0"]
[WhiteElo "2684"]
[BlackElo "2372"]
[TimeControl "180+1"]
[EndTime "8:16:41 PDT"]
[Termination "Andrei_Skvortsov won on time"]

1. e4 c5 2. d4 cxd4 3. Qxd4 Nc6 4. Qd3 Nf6 5. Nc3 g6 6. Nf3 Bg7 7. Be2 O-O 8. O-O d6 9. Nd5 Nxd5 10. exd5 Bf5 11.
Qd1 Nb4 12. c3 Nc2 13. g4 Be4 14. Ng5 Nxa1 15. Nxe4 f5 16. Ng5 Qa5 17. a4 fxg4 18. Bxg4 Be5 19. Ne6 Rf7 20. Be3 Kh8 21. Be2 Nc2 22. Qxc2 Qxd5 23. Ng5 Rff8 24. Rd1 Qc6 25. Qe4 Qxe4 26. Nxe4 Rac8 27. a5 a6 28. Ng5 Rf5 29. Bg4 Bf6 30. Bxf5 gxf5 31. f4 Rc4 32. Nh3 Kg7 33. Kg2 Kg6 34. Kf3 Ra4 35. Bb6 Ra2 36. Rd2 Bxc3 37. Rg2+ Kf6 38. bxc3 1-0

[Event "Early-Titled-Tuesday-Blitz-October-10-2023"]
[Site "Chess.com"]
[Date "2023.10.10"]
[Round "2"]
[White "Kopytkin"]
[Black "Cayse"]
[Result "0-1"]
[WhiteElo "2397"]
[BlackElo "2831"]
[TimeControl "180+1"]
[EndTime "8:16:43 PDT"]
[Termination "Cayse won by resignation"]

1. d4 d5 2. Bg5 h6 3. Bf4 Nf6 4. e3 c5 5. c3 Nc6 6. Nf3 e6 7. Nbd2 Bd6 8. Bd3 O-O 9. O-O b6 10. Qe2 Bb7 11. Rad1 cxd4 12. Bxd6 Qxd6 13. exd4 Nd7 14.
Rfe1 Rae8 15. Ba6 Bxa6 16. Qxa6 f6 17. c4 Nb4 18. Qa3 a5 19. Rc1 Rc8 20. Qe3 e5 21.
a3 Nc6 22. cxd5 Qxd5 23. dxe5 Ncxe5 24. Nxe5 Nxe5 25. Qb3 Qxb3 26. Nxb3 Nd3 27. Rxc8 Rxc8 28. Rb1 Rc2 29. Nd4 Rxb2 30. Rxb2 Nxb2 31. Kf1 Nc4 32.
Nc2 Kf7 33. Ke2 Ke6 34. Kd3 Kd5 35. a4 Nb2+ 36. Kc3 Nxa4+ 37. Kd3 Nc5+ 38. Kc3 b5 39. Ne3+ Ke5 40. Kb2 Nd3+ 41. Kc3 Nxf2 0-1

[Event "Early-Titled-Tuesday-Blitz-October-10-2023"]
[Site "Chess.com"]
[Date "2023.10.10"]
[Round "2"]
[White "chesselephant"]
[Black "Willi_Skibbe"]
[Result "1-0"]
[WhiteElo "2525"]
[BlackElo "2320"]
[TimeControl "180+1"]
[EndTime "8:16:43 PDT"]
[Termination "chesselephant won by resignation"]

1. d4 d5 2. c4 e6 3. Nc3 Nf6 4.
cxd5 exd5 5. Bg5 Be7 6. e3 h6 7.
Bh4 O-O 8. Bd3 Re8 9. Nge2 c6 10. Qc2 Nbd7 11. O-O Nh5 12. Bxe7 Qxe7 13. Rad1 Nb6 14. Rfe1 Bd7 15. a3 Nc8 16. b4 a6 17. Na4 Nd6 18. Nc5 Nf6 19. Ng3 b5 20. Rc1 Nc4 21. Bxc4 bxc4 22.
e4 a5 23. e5 Nh7 24. Ra1 Nf8 25. Qd2 Reb8 26. f4 g6 27. f5 Bxf5 28. Nxf5 gxf5 29. Qxh6 axb4 30. axb4 Rxa1 31. Rxa1 Rxb4 32. h4 Rb8 33. Ra3 Rb1+ 34. Kh2 Ng6 35. Ra8+ Nf8 36. Nd7 1-0

[Event "Early-Titled-Tuesday-Blitz-October-10-2023"]
[Site "Chess.com"]
[Date "2023.10.10"]
[Round "2"]
[White "erugee"]
[Black "RCone"]
[Result "0-1"]
[WhiteElo "2247"]
[BlackElo "2494"]
[TimeControl "180+1"]
[EndTime "8:16:43 PDT"]
[Termination "RCone won on time"]

1. e4 d6 2. d4 Nf6 3. Nc3 g6 4. Be2 Bg7 5. g4 c6 6. g5 Nfd7 7. Be3 h5 8. gxh6 Bxh6 9. Bxh6 Rxh6 10. Qd2 Rh8 11. O-O-O Qa5 12. Kb1 Nf6 13. h4 Nbd7 14.
f4 Nb6 15. e5 Nfd5 16. Nxd5 Qxd2 17. Rxd2 Nxd5 18. exd6 exd6 19. Bc4 Be6 20. f5 Bxf5 21. Bxd5 cxd5 22. Nf3 Be4 23. Rh3 Bxf3 24. Rxf3 Rxh4 25. c3 Ke7 26. Rdf2 f5 27. Kc2 Kf6 28. Kb3 Re8 29.
a4 Ree4 30. a5 f4 31. Kb4 Kf5 32. Kb5 g5 33. a6 bxa6+ 34. Kxa6 Rh7 0-1

[Event "Early-Titled-Tuesday-Blitz-October-10-2023"]
[Site "Chess.com"]
[Date "2023.10.10"]
[Round "2"]
[White "MAGMAchess02"]
[Black "Journey_to_GrandMaster_YT"]
[Result "0-1"]
[WhiteElo "2361"]
[BlackElo "2616"]
[TimeControl "180+1"]
[EndTime "8:16:45 PDT"]
[Termination "Journey_to_GrandMaster_YT won by resignation"]

1. Nf3 d6 2. d4 Nf6 3. Nc3 Nbd7 4. e4 e5 5. Be2 Be7 6. O-O O-O 7. a4 a5 8. Re1 c6 9. h3 Re8 10. dxe5 Nxe5 11.
Nxe5 dxe5 12. Qxd8 Rxd8 13. Be3 Bb4 14. f3 Be6 15.
Red1 Nd7 16. Kf2 Nc5 17. Na2 Rxd1 18. Bxd1 Nxa4 19. c3 Nxb2 20. Nxb4 Nxd1+ 21. Rxd1 axb4 22. cxb4 f6 23. Bb6 Ra2+ 24. Kg3 Rb2 25. Bc5 Kf7 26. Rd8 Kg6 27. Rb8 b5 28. Rb6 Bc4 29. Rxc6 Bf1 30.
Bf2 h5 31. h4 Rxb4 32. Rb6 Rb2 33. Rb7 b4 34. Rc7 b3 35. Rc1 Bd3 36. Rd1 Bc2 37.
Rd2 Ra2 38. Be3 b2 39. Rxc2 b1=Q 0-1

[Event "Early-Titled-Tuesday-Blitz-October-10-2023"]
[Site "Chess.com"]
[Date "2023.10.10"]
[Round "2"]
[White "Mikhail_Bryakin"]
[Black "YouShallNotPass001"]
[Result "1-0"]
[WhiteElo "2796"]
[BlackElo "2395"]
[TimeControl "180+1"]
[EndTime "8:16:47 PDT"]
[Termination "Mikhail_Bryakin won by resignation"]

1. e4 e5 2. Nc3 Nf6 3. f4 d5 4. fxe5 Nxe4 5. Qf3 f5 6. d4 Be7 7. Bd3 O-O 8. Nge2 c5 9. O-O Nc6 10. Bxe4 dxe4 11. Qg3 cxd4 12. Nb5 Bc5 13. Kh1 Qe7 14. Bf4 Be6 15. b3 Kh8 16. Rad1 h6 17. Nbxd4 g5 18. Nxc6 bxc6 19. Be3 f4 20. Bxc5 Qxc5 21. Qc3 Qxc3 22. Nxc3 e3 23. Rd6 Rae8 24. Rxc6 Kg7 25. Kg1 Bf5 26. Rc5 Bxc2 27. Rc1 Bd3 28. Rd5 Bf5 29. Ne2 Rf7 30. Nd4 Be4 31. Rdc5 Rfe7 32. e6 g4 33. R1c3 Kf6 34. g3 fxg3 35. Rxe3 gxh2+ 36. Kxh2 Bg6 37.
Kg3 h5 38. Kf4 Bh7 39. Rxh5 Bg8 40. Rh6+ Kg7 41. Nf5+ Kf8 42. Rf6+ 1-0

[Event "Early-Titled-Tuesday-Blitz-October-10-2023"]
[Site "Chess.com"]
[Date "2023.10.10"]
[Round "2"]
[White "levallem"]
[Black "BeanScreen"]
[Result "0-1"]
[WhiteElo "2385"]
[BlackElo "2722"]
[TimeControl "180+1"]
[EndTime "8:16:47 PDT"]
[Termination "BeanScreen won on time"]

1. d4 d5 2. Nf3 e6 3. e3 Nf6 4. Bd3 Bd6 5. O-O b6 6. b3 Bb7 7. Bb2 O-O 8. Nbd2 c5 9. Ne5 Nbd7 10. f4 Rc8 11. Rf3 Ne4 12. Rh3 f6 13. Nxd7 Qxd7 14. Nxe4 dxe4 15. Bc4 b5 16. Be2 cxd4 17. Bxd4 Rfd8 18.
c4 Bxf4 19. cxb5 Bg5 20. Bxa7 Qc7 21. Qe1 Qc2 22. Bc4 Bd5 23. Bf1 e5 24. Rh5 Bf7 25. Rxg5 fxg5 26. h3 Rd2 27. Qg3 Qb2 28. Re1 h6 29. b6 Bd5 30. Ba6 Rcc2 31. Bf1 Qxa2 32. b4 Bc4 0-1

[Event "Early-Titled-Tuesday-Blitz-October-10-2023"]
[Site "Chess.com"]
[Date "2023.10.10"]
[Round "2"]
[White "Roman_Ovetchkin"]
[Black "Mystery2007"]
[Result "1/2-1/2"]
[WhiteElo "2706"]
[BlackElo "2481"]
[TimeControl "180+1"]
[EndTime "8:16:48 PDT"]
[Termination "Game drawn by repetition"]

1. d4 Nf6 2. c4 e6 3. g3 d5 4. Bg2 c6 5. Nf3 Be7 6. O-O O-O 7. Qc2 b6 8. Nbd2 Bb7 9. e4 dxe4 10. Nxe4 Nxe4 11.
Qxe4 Nd7 12. Rd1 Qc8 13. Bg5 c5 14. d5 Bxg5 15. Nxg5 Nf6 16. Qh4 h6 17. Ne4 Nxe4 18. Bxe4 exd5 19. Bxd5 Bxd5 20. cxd5 Qf5 21. Rd2 Rad8 22.
d6 Rd7 23. Rad1 Rfd8 24. Qa4 Qe6 25. Qc6 Qxa2 26. b4 Qc4 27. b5 Qe6 28. Kg2 g6 29. h4 h5 30. Rd5 Qe4+ 31. Kg1 Qe6 32. Kg2 Qe4+ 33. Kg1 Qe6 34. Kg2 1/2-1/2

[Event "Early-Titled-Tuesday-Blitz-October-10-2023"]
[Site "Chess.com"]
[Date "2023.10.10"]
[Round "2"]
[White "ErikRonka"]
[Black "IngOscarArdila"]
[Result "1-0"]
[WhiteElo "2523"]
[BlackElo "2319"]
[TimeControl "180+1"]
[EndTime "8:16:50 PDT"]
[Termination "ErikRonka won by resignation"]

1. e4 e5 2. Nf3 Nf6 3. Nc3 Nc6 4. d4 exd4 5. Nxd4 Bb4 6. Nxc6 bxc6 7. Bd3 d5 8. Bd2 O-O 9. O-O Rb8 10. Qc1 Re8 11.
exd5 cxd5 12. Re1 Rxe1+ 13. Qxe1 c6 14. a3 Bd6 15. b4 Bd7 16. h3 Qe8 17. Be3 Qe5 18. f4 Qe8 19. Bxa7 Bxf4 20. Bxb8 Qxb8 21. Ne2 Qb6+ 22. Kh1 Be5 23. Rd1 Qe3 24. Qg1 Qh6 25. Qf2 Ng4 26. Qa7 Be8 27. Qe7 Nf2+ 28. Kg1 Nxh3+ 29.
Kf1 Bd7 30. Qd8+ 1-0

[Event "Early-Titled-Tuesday-Blitz-October-10-2023"]
[Site "Chess.com"]
[Date "2023.10.10"]
[Round "2"]
[White "Masterbeaterr"]
[Black "AleksandrAleksikov"]
[Result "1-0"]
[WhiteElo "2473"]
[BlackElo "2207"]
[TimeControl "180+1"]
[EndTime "8:16:50 PDT"]
[Termination "Masterbeaterr won on time"]

1. d4 Nf6 2. c4 g6 3. h4 Bg7 4.
Nc3 d6 5. e4 e5 6. d5 c5 7. Be2 h5 8. Bg5 a6 9. a4 b6 10. Nf3 Nbd7 11. O-O Qc7 12. Ne1 Nh7 13. Be3 Qd8 14. g3 O-O 15. Nd3 Qe7 16. Qd2 Ndf6 17. b4 Ng4 18. Bxg4 hxg4 19. a5 cxb4 20. Nxb4 bxa5 21. Nc6 Qf6 22. Rxa5 Kh8 23. c5 Rg8 24. cxd6 Bf8 25. Nxe5 Bg7 26. Bd4 Rf8 27. Nc6 Qf3 28. Bxg7+ Kxg7 29. Qe3 Qxe3 30. fxe3 f6 31. e5 fxe5 32.
Rxf8 Nxf8 33. Nxe5 Bb7 34. e4 Rd8 35. Nxg4 Rxd6 36.
e5 Rd8 37. e6 Nh7 38. e7 Re8 39. d6 Bc8 40. Ne5 Kf6 41. Ne4+ 1-0

[Event "Early-Titled-Tuesday-Blitz-October-10-2023"]
[Site "Chess.com"]
[Date "2023.10.10"]
[Round "2"]
[White "Savagelittlemole"]
[Black "Alexander_Donchenko"]
[Result "0-1"]
[WhiteElo "2570"]
[BlackElo "2831"]
[TimeControl "180+1"]
[EndTime "8:16:51 PDT"]
[Termination "Alexander_Donchenko won on time"]

1. e4 c6 2. d4 d5 3. e5 Bf5 4. h4 h5 5. c4 e6 6. Nc3 dxc4 7. Bxc4 Nd7 8. Nge2 Be7 9. Ng3 Bg6 10. Be2 Nh6 11. Nxh5 Bxh5 12. Bxh5 Nf5 13. g3 Qb6 14. O-O Qxd4 15.
Bf4 g6 16. Bg4 O-O-O 17. Qxd4 Nxd4 18. Rfd1 Nb6 19. Ne4 Nf5 20. Bg5 Bxg5 21. Nxg5 Nh6 22. Bh3 Rxd1+ 23. Rxd1 Rd8 24. Rxd8+ Kxd8 25. f4 Na4 26. b3 Nc3 27. a4 b5 28. axb5 cxb5 29. Kf2 Na2 30. Ne4 Nc1 31. Nd2 Kc7 32. Ke3 Kb6 33.
g4 a5 34. g5 Ng8 35. Bg4 Ne7 36. h5 gxh5 37. Bxh5 Ng6 38. Bxg6 fxg6 0-1

[Event "Early-Titled-Tuesday-Blitz-October-10-2023"]
[Site "Chess.com"]
[Date "2023.10.10"]
[Round "2"]
[White "KatakuriDono"]
[Black "Zq1"]
[Result "1-0"]
[WhiteElo "2342"]
[BlackElo "2508"]
[TimeControl "180+1"]
[EndTime "8:16:51 PDT"]
[Termination "KatakuriDono won by resignation"]

1. d4 Nf6 2. c4 a6 3. Nc3 c5 4.
d5 b5 5. Qc2 b4 6. Nd1 d6 7. e4 g6 8. Nf3 Bg7 9. Bd3 O-O 10. h3 a5 11. Bf4 a4 12. a3 bxa3 13.
Rxa3 Na6 14. Qd2 Nb4 15. Bb1 Ba6 16. Ne3 Nh5 17. Bh2 e5 18. Rxa4 Nf4 19. O-O Qd7 20. Ra1 f5 21. Ng5 Bh6 22. h4 Qe7 23. exf5 Bxg5 24.
hxg5 Qxg5 25. fxg6 Bxc4 26. gxh7+ Kh8 27. Rxa8 Rxa8 28.
Bxf4 Qxf4 29. Nxc4 Qxc4 30. Qh6 Qf4 31. Qxd6 Rf8 32.
Qxc5 Rf6 33. d6 Rh6 34. Qc8+ Kg7 35. Qd7+ Qf7 36. Qxf7+ Kxf7 37. Rc1 1-0

[Event "Early-Titled-Tuesday-Blitz-October-10-2023"]
[Site "Chess.com"]
[Date "2023.10.10"]
[Round "2"]
[White "Triumphmate"]
[Black "microbear"]
[Result "1-0"]
[WhiteElo "2494"]
[BlackElo "2241"]
[TimeControl "180+1"]
[EndTime "8:16:51 PDT"]
[Termination "Triumphmate won by resignation"]

1. e4 c5 2. Nf3 Nc6 3. d4 cxd4 4. Nxd4 Nf6 5. Nc3 d6 6. f4 Bd7 7. Nf3 e5 8. Bd3 Be7 9. O-O Ng4 10. Kh1 exf4 11. Bxf4 Nge5 12. Qe1 Be6 13. Rd1 O-O 14. Nd5 Re8 15. Nxe7+ Qxe7 16. Qg3 f6 17. a3 Rad8 18. Bb5 a6 19. Bxc6 bxc6 20. Nd4 Bd7 21. h3 c5 22. Ne2 Bc6 23. Nc3 Kh8 24. Nd5 Qb7 25. b3 c4 26.
b4 a5 27. bxa5 Qa7 28. Be3 Qxa5 29. Bb6 Qa6 30. Bxd8 Rxd8 31. Nc7 Qb7 32. Ne6 Re8 33. Rxd6 Bxe4 34. Rf4 Bg6 35. h4 Qb1+ 36. Kh2 Qxc2 37. h5 Nd3 38. Rh4 1-0

[Event "Early-Titled-Tuesday-Blitz-October-10-2023"]
[Site "Chess.com"]
[Date "2023.10.10"]
[Round "2"]
[White "kingapolak"]
[Black "DanielTitichoca"]
[Result "1-0"]
[WhiteElo "2054"]
[BlackElo "2625"]
[TimeControl "180+1"]
[EndTime "8:16:53 PDT"]
[Termination "kingapolak won on time"]

1. e4 c6 2. d4 d5 3. Nc3 dxe4 4. Nxe4 Bf5 5. Ng3 Bg6 6. h4 h6 7.
Nf3 Nd7 8. h5 Bh7 9. Bd3 Bxd3 10. Qxd3 Ngf6 11. Bf4 Qa5+ 12. Bd2 Qb6 13. O-O-O e6 14.
Qe2 Bb4 15. Nf5 Bxd2+ 16. Rxd2 O-O 17. Ne3 c5 18. Kb1 cxd4 19. Nxd4 Rfd8 20. Rhd1 Ne4 21. Rd3 Ndc5 22. Nc4 Qb4 23. Re3 e5 24. a3 Qa4 25.
b3 Qa6 26. Nf5 Rxd1+ 27. Qxd1 b5 28. Qd5 Rc8 29. Ncd6 1-0

[Event "Early-Titled-Tuesday-Blitz-October-10-2023"]
[Site "Chess.com"]
[Date "2023.10.10"]
[Round "2"]
[White "chenrip"]
[Black "alexrustemov"]
[Result "1/2-1/2"]
[WhiteElo "2495"]
[BlackElo "2858"]
[TimeControl "180+1"]
[EndTime "8:16:53 PDT"]
[Termination "Game drawn by repetition"]

1. e4 e6 2. d4 d5 3. Nc3 dxe4 4. Nxe4 Bd7 5. Be2 Bc6 6. Bf3 Nf6 7. Qd3 Nxe4 8. Bxe4 Bxe4 9. Qxe4 Qd5 10. Qxd5 exd5 11. Nf3 Bd6 12. O-O O-O 13. Re1 Nc6 14. c3 Rfe8 15.
Bg5 Na5 16. b3 Ba3 17. Rab1 Bf8 18. Bf4 c6 19. Kf1 f6 20. Bc7 b6 21. Rxe8 Rxe8 22. Re1 Rc8 23. Bf4 Kf7 24. g4 Nb7 25. h4 Nd8 26. g5 Ne6 27. Bd2 Bd6 28. h5 fxg5 29.
Nxg5+ Nxg5 30. Bxg5 Re8 31. Rxe8 Kxe8 32. Ke2 Kf7 33.
Kf3 Ke6 34. Kg4 Ba3 35. f4 g6 36. hxg6 hxg6 37. Bh4 Bc1 38. Be1 Be3 39. Kf3 Bc1 40. Kg4 a6 41. Kg5 Kf7 42. Kg4 Kf6 43. Bh4+ Ke6 44.
Be1 b5 45. b4 Kf6 46. Bh4+ Ke6 47. Be1 Kf6 48. Bh4+ Kf7 49. Be1 Ba3 50. Bd2 Kf6 51. Be1 Bc1 1/2-1/2

[Event "Early-Titled-Tuesday-Blitz-October-10-2023"]
[Site "Chess.com"]
[Date "2023.10.10"]
[Round "2"]
[White "Hasangatin_Ramil"]
[Black "MdChess1734"]
[Result "1-0"]
[WhiteElo "2717"]
[BlackElo "2384"]
[TimeControl "180+1"]
[EndTime "8:16:53 PDT"]
[Termination "Hasangatin_Ramil won on time"]

1. e4 c6 2. d4 d5 3. Nd2 dxe4 4. Nxe4 Nf6 5. Nxf6+ exf6 6. c3 Bd6 7. Bd3 O-O 8. Qc2 Re8+ 9. Ne2 h5 10. Be3 Nd7 11.
h3 Nf8 12. O-O h4 13. Rfe1 Bc7 14. Qd2 Ne6 15. Rad1 Qd6 16. f4 g6 17. Rf1 f5 18.
Rf3 b6 19. Bf2 Bd8 20. c4 Bf6 21. Bc2 Bb7 22. Bb3 Rad8 23. Rd3 Ba6 24. Kh1 Ng7 25. c5 bxc5 26. Re3 Bxe2 27. Rxe2 Rxe2 28. Qxe2 cxd4 29.
Qc4 Ne6 30. Rd2 Qxf4 31. Re2 Ng5 32. Qxc6 d3 33. Re8+ Rxe8 34. Qxe8+ Kg7 35. Bc5 Be5 36. Qf8+ Kh7 37. Bg1 d2 38. Qe7 1-0

[Event "Early-Titled-Tuesday-Blitz-October-10-2023"]
[Site "Chess.com"]
[Date "2023.10.10"]
[Round "2"]
[White "angryspacevoid"]
[Black "Irina_Mikhaylova"]
[Result "1-0"]
[WhiteElo "2518"]
[BlackElo "2299"]
[TimeControl "180+1"]
[EndTime "8:16:55 PDT"]
[Termination "angryspacevoid won by resignation"]

1. e4 c5 2. c3 d5 3. exd5 Qxd5 4. d4 Nf6 5. Nf3 Bg4 6. Be2 e6 7. Na3 Nc6 8. Be3 cxd4 9. Nb5 Rc8 10. Nbxd4 Nxd4 11.
Bxd4 a6 12. Qa4+ Qd7 13. Qb3 Qd5 14. c4 Qe4 15. Qa4+ Qc6 16. Qb3 Qe4 17. Be3 Qc6 18. O-O Bc5 19. Ne5 Qe4 20. Qa4+ b5 21. Qxa6 O-O 22.
Bxc5 Rxc5 23. Nxg4 Qxe2 24. Nxf6+ gxf6 25. cxb5 Rxb5 26. a4 Rxb2 27. Qd6 Rd2 28. Qg3+ Kh8 29. Qf4 f5 30. Ra3 Qg4 31. Qxd2 f4 1-0